 Dungeon Crawl Stone Soup version 0.31.0-11-ge490571c62 (webtiles) character file.

Game seed: 3776070984015424959

101 Arctor the Magician (level 4, 0/24 HPs)
             Began as a Deep Elf Fire Elementalist on Feb 7, 2024.
             Slain by Terence
             ... wielding a +0 hand axe
              (4 damage)
             ... on level 2 of the Dungeon.
             The game lasted 00:01:25 (2346 turns).

Arctor the Magician (Deep Elf Fire Elementalist)    Turns: 2346, Time: 00:01:27

Health: 0/24       AC:  2    Str:  5    XL:     4   Next: 48%
Magic:  0/11       EV: 13    Int: 22    God:
Gold:   69         SH:  0    Dex: 15    Spells: 7/10 levels left

rFire   . . .        (no weapon)
rCold   . . .        (no shield)
rNeg    . . .        a - +0 robe
rPois   .            (no helmet)
rElec   .            (no cloak)
rCorr   .            (no gloves)
SInv    .            (no boots)
Will    .....        (no amulet)
Stlth   ++           (no ring)
HPRegen 0.24/turn    (no ring)
MPRegen 0.12/turn

%: no passive effects
@: no status effects
A: no striking features
a: no special abilities


You were on level 2 of the Dungeon.
You visited 1 branch of the dungeon, and saw 2 of its levels.

You collected 69 gold pieces.

Inventory:

Armour
 a - a +0 robe (worn)
Scrolls
 d - a scroll of teleportation
Potions
 b - a potion of magic


   Skills:
 + Level 3.3 Dodging
 + Level 3.5 Stealth
 + Level 3.9 Spellcasting
 + Level 2.2 Conjurations
 + Level 3.9 Fire Magic


You had 7 spell levels left.
You knew the following spells:

 Your Spells              Type           Power      Damage    Failure   Level
a - Foxfire               Conj/Fire      68%        2x1d7     3%          1
b - Scorch                Fire           42%        2d6       3%          2

Your spell library contained the following spells:

 Spells                   Type           Power      Damage    Failure   Level
 Magic Dart               Conj           56%        1d5       4%          1
 Inner Flame              Hex/Fire       12%        N/A       16%         3
 Volatile Blastmotes      Fire/Tloc      24%        2d12      16%         3
 Blink                    Tloc           8%         N/A       17%         2
 Call Imp                 Summ           8%         N/A       17%         2
 Flame Wave               Conj/Fire      17%        2d7       30%         4


Dungeon Overview and Level Annotations

Branches:
Dungeon (2/15)

Altars:

Annotations:
D:2 Terence


Message History

Casting: Foxfire (safe; 3% risk of failure)
Confirm with . or Enter, or press ? or * to list all spells.
You don't have enough magic to cast this spell.
There is not enough space to conjure foxfire!
There are monsters nearby!
There is not enough space to conjure foxfire!
There is not enough space to conjure foxfire!
Your foxfire dissipates!
Terence attacks as he pursues you! Terence hits you with a +0 hand axe.
The foxfire hits the adder.
The adder is heavily wounded.
Unknown command.
You hit Terence.
Terence is heavily wounded.
Terence hits you with a +0 hand axe.
Casting: Foxfire (safe; 3% risk of failure)
Confirm with . or Enter, or press ? or * to list all spells.
You conjure some foxfire!
Terence hits you with a +0 hand axe.
Terence hits your foxfire with a +0 hand axe.
Your foxfire dissipates!
The foxfire hits Terence but does no damage.
Terence is heavily wounded.
Terence is no longer more vulnerable to fire.
Your magical contamination has completely faded away.
As you read the scroll labelled ESAESE DUTULOQ, it crumbles to dust.
It is a scroll of identify.
d - a scroll of teleportation Terence hits you with a +0 hand axe.
Terence attacks as he pursues you! Terence hits you with a +0 hand axe.
The air fills with toxic fumes!
As you read the scroll labelled XUNTYFAIJA, it crumbles to dust.
It was a scroll of poison.
Terence hits you with a +0 hand axe.
* * * LOW HITPOINT WARNING * * *
Casting: Foxfire (safe; 3% risk of failure)
Confirm with . or Enter, or press ? or * to list all spells.
Flames lash Terence.
Terence is almost dead.
Terence's fire resistance burns away.
Terence hits you with a +0 hand axe.
You die...
Terence says, "That felt goooood."

#........ #........
#.##..#.# #.##..#.#
##.##....#
######......#.#
#.............#
##########§####.........
#§§§S§@@§§§§§§§...#..#.#
#§##§#§###§####...#..#..
## #.#.#§#
#.####(..#.....
###.###..#§#
#....†......#.#
#...>#..##§#
#######.......# #.#.##§#
##.###### #....§§### #.#
..#..§§... #.#
#.##........ #.# ####


You could see Terence (combustible) and an adder.

Vanquished Creatures
  A sleepcap (D:2)
  A gnoll (D:1)
  2 adders (D:2)
  2 dart slugs (D:1)
  4 bats (D:1)
  6 endoplasms
  4 giant cockroaches
  2 goblins (D:1)
  2 hobgoblins
  2 jackals (D:1)
  4 kobolds
  A quokka (D:2)
  5 ball pythons
  2 frilled lizards
  5 rats
43 creatures vanquished.

Vanquished Creatures (others)
  219 foxfires
219 creatures vanquished.

Grand Total: 262 creatures vanquished

Notes
Turn   | Place    | Note
-------+----------+-------------------------------------------
     0 | D:1      | Arctor the Deep Elf Fire Elementalist began the quest for
                  | the Orb.
     0 | D:1      | Reached XP level 1. HP: 10/10 MP: 6/6
   316 | D:1      | Reached XP level 2. HP: 15/15 MP: 6/8
   319 | D:1      | Learned a level 2 spell: Scorch
   793 | D:1      | Reached XP level 3. HP: 5/19 MP: 3/10
  1766 | D:2      | Reached XP level 4. HP: 24/24 MP: 8/11
  2327 | D:2      | Noticed Terence
  2346 | D:2      | Slain by Terence

Illustrated notes

Levels and vault maps discovered:
D:1:      spicycebolla_green_bress_n_ham_2, layout_loops_ring
D:2:      layout_loops_cross, uniq_terence

Skill      XL: |  1  2  3 |
---------------+----------+-----
Stealth        | 3 |  3.5
Dodging        | 3 |  3.3
Conjurations   | 2 |  2.2
Spellcasting   | |  3.9
Fire Magic     | |  3.9

Action                     |  1- 3 |  4- 6 || total
---------------------------+-------+-------++-------
  Melee: Unarmed           |     1 |     1 ||     2
   Cast: Foxfire           |   110 |    30 ||   140
         Scorch            |     1 |     6 ||     7
    Use: Scroll            |       |     2 ||     2
 Armour: Robe              |     8 |    11 ||    19
  Dodge: Dodged            |    18 |     6 ||    24
